cohdb
Replays
Latest Replays
All Replays
Popular Replays
Top Player Replays
Match Explorer
How It Works
Community
CoH3 Stats
Reddit
Sign in to upload your games and track your stats! →
Sign in with Steam
Match 33613479
Unlisted
Match 33613479
Overview
Messages
Build Orders
End
Selects Australian Defense Battlegroup
Selects Australian Light Infantry Section
Australian Light Infantry Section
Construct Section Command Post
Vickers Machine Gun Team
ML 3-inch Mortar Team
ML 3-inch Mortar Team
Construct Platoon Command Post
Selects CMP 15cwt Supply Run
CMP 15cwt Supply Run
Unlock Bishop Self-propelled Artillery
Infantry Section
Humber Armored Car
Bishop Self-propelled Artillery
Kidnappings
Zapp Brannigan
imbreavlad
gUi
Sol Invictus
Raiden
markplaya10
riptiderougher08
0
0
Comments
sign in to comment!
No comments posted yet!